3092 views
Uploaded 2020-03-22 23:43:09
Game version 1.32.3
18:51 long 3on3 ladder game on (6)UpperKingdom
Saved by BEARAND
3092 views
Uploaded 2020-03-22 23:43:09
Game version 1.32.3
18:51 long 3on3 ladder game on (6)UpperKingdom


127 units @ 18.1k
/ 2.4k
53 buildings @ 8.7k
/ 4k

| Peon | 9 | 675 | / | 0 |
| Grunt | 2 | 400 | / | 0 |
| Troll Headhunter | 7 | 980 | / | 140 |
| Wind Rider | 16 | 4240 | / | 640 |
| total: | 34 | 6295g | / | 780w |
| Watch Tower | 4 | 440 | / | 320 |
| Altar of Storms | 1 | 180 | / | 50 |
| Orc Burrow | 7 | 1120 | / | 280 |
| Barracks | 1 | 180 | / | 50 |
| War Mill | 1 | 205 | / | 0 |
| Great Hall | 1 | 385 | / | 185 |
| Beastiary | 2 | 290 | / | 280 |
| Stronghold | 1 | 315 | / | 190 |
| Fortress | 1 | 325 | / | 190 |
| total: | 17 | 2800g | / | 1165w |
| 0:11 | Altar of Storms |
| 0:16 | Orc Burrow |
| 0:19 | Peon |
| 0:19 | Peon |
| 0:50 | Peon |
| 0:51 | Peon |
| 0:52 | Peon |
| 1:11 | Barracks |
| 1:17 | Peon |
| 1:24 | Peon |
| 1:41 | Orc Burrow |
| 2:15 | War Mill |
| 2:23 | Grunt |
| 2:27 | Wind Walk |
| 3:18 | Grunt |
| 3:21 | Stronghold |
| 3:56 | Troll Headhunter |
| 3:56 | Troll Headhunter |
| 4:04 | Troll Headhunter |
| 4:18 | Steel Ranged Weapons |
| 5:29 | Mirror Image |
| 5:40 | Troll Headhunter |
| 5:40 | Troll Headhunter |
| 5:45 | Beastiary |
| 5:55 | Beastiary |
| 6:00 | Peon |
| 6:00 | Peon |
| 6:22 | Troll Headhunter |
| 6:23 | Troll Headhunter |
| 6:30 | Fortress |
| 7:03 | Orc Burrow |
| 7:24 | Orc Burrow |
| 8:07 | Wind Rider |
| 8:11 | Wind Rider |
| 8:16 | Orc Burrow |
| 9:08 | Mirror Image |
| 9:15 | Envenomed Spears |
| 9:17 | Wind Rider |
| 9:22 | Steel Armor |
| 9:25 | Wind Rider |
| 9:51 | Wind Rider |
| 10:31 | Watch Tower |
| 10:35 | Wind Rider |
| 11:35 | Wind Rider |
| 11:37 | Wind Rider |
| 11:48 | Watch Tower |
| 12:44 | Wind Rider |
| 12:50 | Thorium Ranged Weapons |
| 12:59 | Watch Tower |
| 13:22 | Wind Walk |
| 13:45 | Orc Burrow |
| 13:50 | Orc Burrow |
| 14:23 | Watch Tower |
| 15:52 | Wind Rider |
| 15:52 | Wind Rider |
| 15:57 | Wind Rider |
| 15:57 | Wind Rider |
| 16:11 | Great Hall |
| 16:56 | Wind Rider |
| 17:27 | Wind Rider |
| 17:31 | Wind Rider |
| Right click | 213 |
| Select | 127 |
| Build/train/purchase | 52 |
| Assign group | 7 |
| Select group | 6 |
| Esc | 3 |
| Use ability | 1 |
| Minimap ping | 1 |

| Lesser Clarity Potion | 3 | 210 |
| Healing Salve | 2 | 200 |
| Scroll of Speed | 2 | 100 |
| Potion of Healing | 1 | 150 |
| Orb of Lightning | 1 | 375 |
| Scroll of Town Portal | 1 | 350 |
| total: | 10 | 1385g |
| Peon | 18 | 1350 | / | 0 |
| Tauren | 8 | 2240 | / | 640 |
| Shaman | 8 | 1040 | / | 160 |
| Troll Witch Doctor | 8 | 1160 | / | 200 |
| total: | 42 | 5790g | / | 1000w |
| Watch Tower | 6 | 660 | / | 480 |
| Altar of Storms | 1 | 180 | / | 50 |
| Orc Burrow | 6 | 960 | / | 240 |
| Voodoo Lounge | 1 | 130 | / | 30 |
| War Mill | 1 | 205 | / | 0 |
| Great Hall | 1 | 385 | / | 185 |
| Spirit Lodge | 2 | 300 | / | 300 |
| Tauren Totem | 1 | 135 | / | 155 |
| Stronghold | 1 | 315 | / | 190 |
| Fortress | 1 | 325 | / | 190 |
| total: | 19 | 2955g | / | 1440w |
| 0:03 | Peon |
| 0:03 | Peon |
| 0:03 | Peon |
| 0:06 | Altar of Storms |
| 0:20 | Orc Burrow |
| 0:37 | Peon |
| 0:51 | Voodoo Lounge |
| 0:54 | Peon |
| 1:06 | War Mill |
| 1:17 | Peon |
| 1:26 | Peon |
| 1:36 | Peon |
| 2:09 | Lesser Clarity Potion |
| 2:09 | Lesser Clarity Potion |
| 2:09 | Healing Salve |
| 2:10 | Healing Salve |
| 2:10 | Scroll of Speed |
| 2:12 | Wind Walk |
| 2:37 | Stronghold |
| 4:19 | Orc Burrow |
| 4:21 | Orc Burrow |
| 5:07 | Fortress |
| 5:10 | Spirit Lodge |
| 5:14 | Tauren Totem |
| 6:12 | Spirit Lodge |
| 6:14 | Orc Burrow |
| 6:34 | Shaman Adept Training |
| 6:47 | Great Hall |
| 6:50 | Lesser Clarity Potion |
| 7:09 | Scroll of Speed |
| 7:32 | Tauren |
| 7:33 | Reinforced Defenses |
| 7:36 | Watch Tower |
| 7:39 | Witch Doctor Adept Training |
| 7:39 | Witch Doctor Master Training |
| 7:55 | Peon |
| 7:55 | Peon |
| 8:14 | Shaman Master Training |
| 8:28 | Critical Strike |
| 8:43 | Shaman |
| 8:43 | Shaman |
| 8:45 | Tauren |
| 9:10 | Wind Walk |
| 9:35 | Tauren |
| 9:36 | Shaman |
| 9:40 | Watch Tower |
| 10:02 | Peon |
| 10:02 | Peon |
| 10:02 | Peon |
| 10:03 | Peon |
| 10:08 | Shaman |
| 10:31 | Tauren |
| 10:36 | Watch Tower |
| 10:46 | Troll Witch Doctor |
| 10:46 | Troll Witch Doctor |
| 10:54 | Peon |
| 11:22 | Peon |
| 11:32 | Scroll of Town Portal |
| 11:42 | Watch Tower |
| 12:08 | Orc Burrow |
| 12:13 | Peon |
| 12:17 | Watch Tower |
| 12:20 | Troll Witch Doctor |
| 12:23 | Pulverize |
| 12:35 | Peon |
| 12:46 | Watch Tower |
| 12:59 | Steel Armor |
| 13:23 | Tauren |
| 13:24 | Troll Witch Doctor |
| 14:24 | Shaman |
| 14:27 | Thorium Armor |
| 14:27 | Arcanite Armor |
| 14:58 | Tauren |
| 14:59 | Shaman |
| 15:01 | Troll Witch Doctor |
| 15:31 | Tauren |
| 15:33 | Troll Witch Doctor |
| 15:34 | Shaman |
| 15:38 | Steel Melee Weapons |
| 16:10 | Shaman |
| 16:12 | Troll Witch Doctor |
| 16:16 | Potion of Healing |
| 16:17 | Orb of Lightning |
| 16:23 | Critical Strike |
| 16:42 | Tauren |
| 17:12 | Troll Witch Doctor |
| 17:31 | Thorium Melee Weapons |
| 17:31 | Arcanite Melee Weapons |
| 17:35 | Orc Burrow |
| Right click | 605 |
| Select group | 483 |
| Select | 452 |
| Misc. action | 259 |
| Build/train/purchase | 120 |
| Assign group | 38 |
| Minimap ping | 18 |
| Use ability | 17 |
| Esc | 5 |
| Item give/drop | 1 |


| Scroll of Town Portal | 1 | 350 |
| total: | 1 | 350g |
| Wisp | 26 | 1560 | / | 0 |
| Archer | 14 | 1820 | / | 140 |
| Hippogryph | 6 | 960 | / | 120 |
| Chimaera | 5 | 1650 | / | 350 |
| total: | 51 | 5990g | / | 610w |
| Moon Well | 8 | 1440 | / | 320 |
| Ancient of War | 1 | 150 | / | 60 |
| Altar of Elders | 1 | 180 | / | 50 |
| Hunter's Hall | 1 | 210 | / | 100 |
| Tree of Life | 1 | 340 | / | 185 |
| Ancient of Wonders | 1 | 90 | / | 30 |
| Ancient of Wind | 2 | 300 | / | 280 |
| Chimaera Roost | 2 | 280 | / | 380 |
| Tree of Ages | 1 | 320 | / | 180 |
| Tree of Eternity | 1 | 330 | / | 200 |
| total: | 17 | 2990g | / | 1405w |
| 0:02 | Wisp |
| 0:09 | Wisp |
| 0:15 | Wisp |
| 0:25 | Wisp |
| 0:32 | Moon Well |
| 0:46 | Ancient of War |
| 0:59 | Wisp |
| 1:00 | Altar of Elders |
| 1:14 | Wisp |
| 1:15 | Moon Well |
| 1:19 | Wisp |
| 1:23 | Wisp |
| 1:26 | Wisp |
| 1:27 | Wisp |
| 1:46 | Archer |
| 2:03 | Archer |
| 2:19 | Archer |
| 2:43 | Tree of Ages |
| 2:59 | Entangling Roots |
| 3:10 | Archer |
| 3:27 | Archer |
| 3:35 | Moon Well |
| 3:42 | Archer |
| 4:04 | Hunter's Hall |
| 4:14 | Archer |
| 4:30 | Archer |
| 4:50 | Force of Nature |
| 5:03 | Wisp |
| 5:04 | Wisp |
| 5:04 | Wisp |
| 5:04 | Wisp |
| 5:11 | Improved Bows |
| 5:28 | Ultravision |
| 5:45 | Tree of Life |
| 6:03 | Wisp |
| 6:03 | Wisp |
| 6:03 | Wisp |
| 6:25 | Strength of the Moon |
| 6:29 | Moon Well |
| 6:33 | Force of Nature |
| 6:53 | Ancient of Wind |
| 6:54 | Ancient of Wind |
| 6:55 | Wisp |
| 6:55 | Wisp |
| 7:39 | Tree of Eternity |
| 7:49 | Entangling Roots |
| 7:56 | Wisp |
| 7:56 | Wisp |
| 7:57 | Wisp |
| 7:58 | Wisp |
| 8:04 | Wisp |
| 8:19 | Improved Strength of the Moon |
| 9:03 | Archer |
| 9:15 | Archer |
| 9:16 | Hippogryph |
| 9:32 | Hippogryph |
| 9:34 | Wisp |
| 9:35 | Wisp |
| 9:39 | Archer |
| 9:40 | Advanced Strength of the Moon |
| 9:53 | Hippogryph |
| 9:58 | Archer |
| 10:09 | Moon Well |
| 10:15 | Marksmanship |
| 10:25 | Trueshot Aura |
| 10:31 | Nature's Blessing |
| 10:43 | Moon Armor |
| 11:16 | Chimaera Roost |
| 11:17 | Chimaera Roost |
| 11:47 | Archer |
| 11:47 | Hippogryph |
| 11:50 | Hippogryph |
| 12:04 | Archer |
| 12:14 | Improved Moon Armor |
| 12:14 | Advanced Moon Armor |
| 12:31 | Moon Well |
| 12:47 | Corrosive Breath |
| 13:14 | Chimaera |
| 13:29 | Chimaera |
| 14:33 | Force of Nature |
| 14:42 | Hippogryph |
| 14:44 | Chimaera |
| 14:45 | Strength of the Wild |
| 14:50 | Searing Arrows |
| 15:39 | Moon Well |
| 15:39 | Moon Well |
| 15:47 | Improved Strength of the Wild |
| 16:06 | Ancient of Wonders |
| 16:47 | Trueshot Aura |
| 16:52 | Tranquility |
| 16:57 | Chimaera |
| 17:09 | Advanced Strength of the Wild |
| 17:15 | Scroll of Town Portal |
| 17:23 | Chimaera |
| 17:31 | Reinforced Hides |
| Right click | 1145 |
| Select group | 376 |
| Select | 343 |
| Assign group | 174 |
| Misc. action | 103 |
| Build/train/purchase | 96 |
| Use ability | 35 |
| Minimap ping | 19 |
| Resource trade | 6 |
| Esc | 3 |
63 units @ 5.9k
/ 0.5k
177 buildings @ 10.2k
/ 5.6k
⇛
TIMG4STRok
(18:50) : 

| Healing Salve | 2 | 200 |
| Lesser Clarity Potion | 3 | 210 |
| Orb of Lightning | 1 | 375 |
| Potion of Mana | 1 | 200 |
| total: | 7 | 985g |
| Peon | 15 | 1125 | / | 0 |
| Troll Batrider | 13 | 2080 | / | 520 |
| total: | 28 | 3205g | / | 520w |
| Watch Tower | 20 | 2200 | / | 1600 |
| Altar of Storms | 1 | 180 | / | 50 |
| Orc Burrow | 4 | 640 | / | 160 |
| Voodoo Lounge | 4 | 520 | / | 120 |
| War Mill | 1 | 205 | / | 0 |
| Beastiary | 2 | 290 | / | 280 |
| Stronghold | 1 | 315 | / | 190 |
| Fortress | 1 | 325 | / | 190 |
| total: | 32 | 4035g | / | 2210w |
| 0:02 | Peon |
| 0:02 | Peon |
| 0:07 | Altar of Storms |
| 0:10 | Orc Burrow |
| 0:19 | Peon |
| 0:40 | Peon |
| 0:43 | Orc Burrow |
| 0:50 | Peon |
| 1:06 | Peon |
| 1:21 | Voodoo Lounge |
| 1:26 | Peon |
| 1:36 | Peon |
| 1:39 | Peon |
| 1:52 | Voodoo Lounge |
| 2:02 | Peon |
| 2:03 | Peon |
| 2:08 | Wind Walk |
| 2:39 | Peon |
| 2:42 | War Mill |
| 3:35 | Voodoo Lounge |
| 3:37 | Voodoo Lounge |
| 3:59 | Stronghold |
| 4:01 | Spiked Barricades |
| 4:07 | Healing Salve |
| 4:07 | Lesser Clarity Potion |
| 4:07 | Lesser Clarity Potion |
| 4:46 | Watch Tower |
| 4:46 | Watch Tower |
| 4:49 | Watch Tower |
| 5:14 | Watch Tower |
| 5:18 | Watch Tower |
| 5:37 | Watch Tower |
| 6:19 | Critical Strike |
| 6:27 | Beastiary |
| 6:30 | Peon |
| 6:30 | Peon |
| 6:30 | Peon |
| 6:35 | Watch Tower |
| 7:06 | Orc Burrow |
| 7:07 | Orc Burrow |
| 7:32 | Fortress |
| 7:50 | Beastiary |
| 7:55 | Healing Salve |
| 8:01 | Hex |
| 8:41 | Troll Batrider |
| 8:41 | Troll Batrider |
| 8:41 | Troll Batrider |
| 9:20 | Troll Batrider |
| 9:20 | Troll Batrider |
| 9:33 | Wind Walk |
| 9:41 | Troll Batrider |
| 10:36 | Troll Batrider |
| 10:38 | Watch Tower |
| 10:39 | Watch Tower |
| 11:01 | Troll Batrider |
| 11:41 | Healing Wave |
| 11:52 | Reinforced Defenses |
| 11:57 | Watch Tower |
| 11:58 | Watch Tower |
| 12:01 | Liquid Fire |
| 12:39 | Orb of Lightning |
| 12:48 | Steel Ranged Weapons |
| 12:53 | Watch Tower |
| 13:21 | Watch Tower |
| 13:21 | Watch Tower |
| 14:29 | Critical Strike |
| 14:30 | Troll Batrider |
| 14:30 | Troll Batrider |
| 14:35 | Watch Tower |
| 14:46 | Healing Wave |
| 15:35 | Potion of Mana |
| 15:36 | Lesser Clarity Potion |
| 15:50 | Watch Tower |
| 16:27 | Troll Batrider |
| 16:40 | Watch Tower |
| 16:47 | Improved Spiked Barricades |
| 17:07 | Watch Tower |
| 17:08 | Watch Tower |
| 17:35 | Troll Batrider |
| 17:46 | Watch Tower |
| 18:28 | Troll Batrider |
| Right click | 1204 |
| Select group | 438 |
| Select | 189 |
| Build/train/purchase | 80 |
| Use ability | 52 |
| Misc. action | 34 |
| Resource trade | 19 |
| Assign group | 12 |
| Minimap ping | 11 |
| Chat | 8 |
| Item give/drop | 3 |



| Staff of Sanctuary | 1 | 250 |
| Potion of Mana | 1 | 200 |
| Healing Salve | 1 | 100 |
| Orb of Lightning | 3 | 1125 |
| total: | 6 | 1675g |
| Peasant | 15 | 1125 | / | 0 |
| Priest | 1 | 135 | / | 10 |
| total: | 16 | 1260g | / | 10w |
| Scout Tower | 59 | 1770 | / | 1180 |
| Arcane Tower | 3 | 210 | / | 150 |
| Guard Tower | 46 | 3220 | / | 2300 |
| Altar of Kings | 1 | 180 | / | 50 |
| Farm | 4 | 320 | / | 80 |
| Lumber Mill | 1 | 120 | / | 0 |
| Town Hall | 1 | 385 | / | 205 |
| Arcane Vault | 2 | 260 | / | 60 |
| Arcane Sanctum | 1 | 150 | / | 140 |
| Keep | 1 | 320 | / | 210 |
| Castle | 1 | 360 | / | 210 |
| total: | 69 | 3185g | / | 1715w |
| 0:03 | Peasant |
| 0:03 | Peasant |
| 0:04 | Peasant |
| 0:10 | Altar of Kings |
| 0:13 | Peasant |
| 0:20 | Farm |
| 0:23 | Peasant |
| 0:31 | Lumber Mill |
| 0:36 | Peasant |
| 0:47 | Peasant |
| 1:25 | Scout Tower |
| 1:26 | Scout Tower |
| 1:27 | Peasant |
| 1:30 | Peasant |
| 1:35 | Farm |
| 1:37 | Peasant |
| 1:51 | Arcane Tower |
| 1:52 | Scout Tower |
| 1:55 | Peasant |
| 2:11 | Blizzard |
| 2:16 | Arcane Tower |
| 2:17 | Peasant |
| 2:17 | Peasant |
| 2:29 | Scout Tower |
| 2:33 | Guard Tower |
| 2:41 | Scout Tower |
| 2:51 | Scout Tower |
| 2:54 | Scout Tower |
| 2:54 | Peasant |
| 2:54 | Peasant |
| 3:00 | Arcane Tower |
| 3:18 | Scout Tower |
| 3:20 | Guard Tower |
| 3:26 | Guard Tower |
| 3:29 | Scout Tower |
| 3:31 | Scout Tower |
| 3:47 | Guard Tower |
| 4:05 | Guard Tower |
| 4:05 | Guard Tower |
| 4:05 | Keep |
| 4:28 | Guard Tower |
| 4:30 | Scout Tower |
| 4:36 | Farm |
| 4:42 | Scout Tower |
| 4:46 | Scout Tower |
| 4:50 | Improved Masonry |
| 4:53 | Farm |
| 5:50 | Guard Tower |
| 5:50 | Guard Tower |
| 5:52 | Guard Tower |
| 5:53 | Scout Tower |
| 5:54 | Scout Tower |
| 5:54 | Scout Tower |
| 5:54 | Scout Tower |
| 6:09 | Scout Tower |
| 6:09 | Scout Tower |
| 6:10 | Scout Tower |
| 6:11 | Scout Tower |
| 6:11 | Scout Tower |
| 6:22 | Healing Salve |
| 6:59 | Brilliance Aura |
| 7:03 | Advanced Masonry |
| 7:07 | Arcane Sanctum |
| 7:10 | Guard Tower |
| 7:16 | Guard Tower |
| 7:17 | Guard Tower |
| 7:18 | Guard Tower |
| 7:23 | Storm Bolt |
| 7:41 | Guard Tower |
| 7:43 | Scout Tower |
| 7:44 | Scout Tower |
| 7:44 | Scout Tower |
| 8:35 | Guard Tower |
| 8:35 | Guard Tower |
| 8:39 | Scout Tower |
| 8:39 | Scout Tower |
| 8:41 | Magic Sentry |
| 9:09 | Guard Tower |
| 9:09 | Guard Tower |
| 9:15 | Guard Tower |
| 9:16 | Scout Tower |
| 9:17 | Scout Tower |
| 9:17 | Scout Tower |
| 9:17 | Scout Tower |
| 9:21 | Scout Tower |
| 9:21 | Scout Tower |
| 9:23 | Scout Tower |
| 9:24 | Scout Tower |
| 9:28 | Priest |
| 9:38 | Guard Tower |
| 9:47 | Scout Tower |
| 9:58 | Scout Tower |
| 10:09 | Guard Tower |
| 10:09 | Guard Tower |
| 10:20 | Guard Tower |
| 10:21 | Guard Tower |
| 10:24 | Guard Tower |
| 10:37 | Guard Tower |
| 10:44 | Scout Tower |
| 10:44 | Scout Tower |
| 10:45 | Guard Tower |
| 11:18 | Castle |
| 11:19 | Guard Tower |
| 11:23 | Scout Tower |
| 11:25 | Scout Tower |
| 11:26 | Scout Tower |
| 11:40 | Bash |
| 11:45 | Guard Tower |
| 11:47 | Scout Tower |
| 11:48 | Scout Tower |
| 11:51 | Scout Tower |
| 11:52 | Scout Tower |
| 11:53 | Scout Tower |
| 11:59 | Blizzard |
| 12:15 | Guard Tower |
| 12:15 | Guard Tower |
| 12:26 | Guard Tower |
| 12:27 | Guard Tower |
| 12:27 | Guard Tower |
| 12:55 | Orb of Lightning |
| 12:55 | Orb of Lightning |
| 13:36 | Guard Tower |
| 13:46 | Guard Tower |
| 13:47 | Guard Tower |
| 13:59 | Scout Tower |
| 14:00 | Scout Tower |
| 14:01 | Scout Tower |
| 14:01 | Scout Tower |
| 14:01 | Scout Tower |
| 14:02 | Scout Tower |
| 14:02 | Scout Tower |
| 14:45 | Holy Light |
| 14:56 | Staff of Sanctuary |
| 15:49 | Guard Tower |
| 16:10 | Town Hall |
| 16:13 | Scout Tower |
| 16:27 | Arcane Vault |
| 16:34 | Arcane Vault |
| 16:48 | Scout Tower |
| 16:49 | Scout Tower |
| 16:51 | Guard Tower |
| 16:52 | Scout Tower |
| 16:53 | Scout Tower |
| 17:41 | Guard Tower |
| 17:44 | Guard Tower |
| 18:03 | Orb of Lightning |
| 18:04 | Potion of Mana |
| 18:45 | Storm Bolt |
| 18:47 | Divine Shield |
| Right click | 1747 |
| Select | 422 |
| Select group | 237 |
| Build/train/purchase | 117 |
| Use ability | 41 |
| Chat | 40 |
| Assign group | 13 |
| Misc. action | 9 |
| Minimap ping | 8 |
| Item give/drop | 1 |



| Lesser Clarity Potion | 1 | 70 |
| Healing Salve | 1 | 100 |
| Orb of Lightning | 1 | 375 |
| total: | 3 | 545g |
| Peasant | 19 | 1425 | / | 0 |
| total: | 19 | 1425g | / | 0w |
| Scout Tower | 67 | 2010 | / | 1340 |
| Arcane Tower | 10 | 700 | / | 500 |
| Guard Tower | 38 | 2660 | / | 1900 |
| Altar of Kings | 1 | 180 | / | 50 |
| Lumber Mill | 1 | 120 | / | 0 |
| Farm | 5 | 400 | / | 100 |
| Arcane Vault | 1 | 130 | / | 30 |
| Arcane Sanctum | 1 | 150 | / | 140 |
| Keep | 1 | 320 | / | 210 |
| Castle | 2 | 720 | / | 420 |
| total: | 76 | 2990g | / | 1660w |
| 0:01 | Peasant |
| 0:05 | Altar of Kings |
| 0:07 | Peasant |
| 0:18 | Lumber Mill |
| 0:22 | Peasant |
| 0:33 | Farm |
| 0:43 | Peasant |
| 0:48 | Peasant |
| 0:55 | Farm |
| 1:17 | Peasant |
| 1:27 | Scout Tower |
| 1:30 | Scout Tower |
| 1:38 | Peasant |
| 1:38 | Peasant |
| 1:38 | Peasant |
| 1:47 | Scout Tower |
| 1:49 | Scout Tower |
| 1:50 | Peasant |
| 2:01 | Arcane Tower |
| 2:08 | Blizzard |
| 2:13 | Arcane Tower |
| 2:17 | Improved Masonry |
| 2:17 | Advanced Masonry |
| 2:29 | Guard Tower |
| 2:37 | Guard Tower |
| 2:44 | Scout Tower |
| 2:47 | Peasant |
| 2:47 | Peasant |
| 3:15 | Scout Tower |
| 3:16 | Arcane Tower |
| 3:19 | Scout Tower |
| 3:22 | Peasant |
| 3:23 | Peasant |
| 3:23 | Peasant |
| 3:25 | Peasant |
| 3:37 | Scout Tower |
| 3:41 | Scout Tower |
| 3:46 | Guard Tower |
| 3:48 | Scout Tower |
| 3:51 | Scout Tower |
| 4:12 | Keep |
| 4:20 | Guard Tower |
| 4:23 | Guard Tower |
| 4:58 | Brilliance Aura |
| 5:08 | Guard Tower |
| 5:10 | Scout Tower |
| 5:11 | Scout Tower |
| 5:12 | Guard Tower |
| 5:17 | Healing Salve |
| 5:17 | Lesser Clarity Potion |
| 6:14 | Guard Tower |
| 6:27 | Farm |
| 6:28 | Guard Tower |
| 6:29 | Scout Tower |
| 6:29 | Scout Tower |
| 6:33 | Improved Lumber Harvesting |
| 6:34 | Imbued Masonry |
| 6:49 | Scout Tower |
| 6:56 | Guard Tower |
| 6:58 | Scout Tower |
| 6:59 | Scout Tower |
| 7:01 | Scout Tower |
| 7:44 | Blizzard |
| 7:56 | Guard Tower |
| 7:56 | Scout Tower |
| 7:57 | Scout Tower |
| 7:58 | Castle |
| 8:01 | Guard Tower |
| 8:16 | Storm Bolt |
| 8:23 | Guard Tower |
| 8:27 | Guard Tower |
| 8:29 | Scout Tower |
| 8:30 | Scout Tower |
| 8:34 | Guard Tower |
| 8:36 | Scout Tower |
| 8:37 | Scout Tower |
| 8:43 | Farm |
| 9:35 | Guard Tower |
| 9:36 | Scout Tower |
| 9:37 | Scout Tower |
| 9:43 | Scout Tower |
| 9:44 | Guard Tower |
| 9:49 | Scout Tower |
| 10:19 | Arcane Sanctum |
| 10:21 | Arcane Tower |
| 10:32 | Guard Tower |
| 10:36 | Guard Tower |
| 11:40 | Magic Sentry |
| 11:42 | Scout Tower |
| 12:09 | Scout Tower |
| 12:10 | Scout Tower |
| 12:37 | Peasant |
| 12:38 | Guard Tower |
| 12:43 | Guard Tower |
| 12:45 | Scout Tower |
| 12:45 | Scout Tower |
| 12:46 | Scout Tower |
| 12:47 | Scout Tower |
| 12:47 | Scout Tower |
| 12:50 | Holy Light |
| 12:57 | Arcane Vault |
| 13:32 | Scout Tower |
| 13:33 | Scout Tower |
| 13:37 | Guard Tower |
| 13:37 | Guard Tower |
| 13:48 | Farm |
| 14:24 | Brilliance Aura |
| 14:31 | Scout Tower |
| 14:32 | Scout Tower |
| 14:44 | Scout Tower |
| 14:47 | Bash |
| 15:08 | Scout Tower |
| 15:21 | Scout Tower |
| 15:22 | Scout Tower |
| 15:35 | Guard Tower |
| 15:38 | Scout Tower |
| 15:38 | Scout Tower |
| 15:40 | Peasant |
| 15:40 | Peasant |
| 15:44 | Advanced Lumber Harvesting |
| 15:46 | Guard Tower |
| 15:48 | Scout Tower |
| 15:48 | Scout Tower |
| 16:00 | Guard Tower |
| 16:01 | Scout Tower |
| 16:02 | Scout Tower |
| 16:04 | Scout Tower |
| 16:05 | Scout Tower |
| 16:06 | Scout Tower |
| 16:06 | Scout Tower |
| 16:22 | Orb of Lightning |
| 16:23 | Guard Tower |
| 16:26 | Scout Tower |
| 16:27 | Scout Tower |
| 16:43 | Guard Tower |
| 16:45 | Guard Tower |
| 16:48 | Scout Tower |
| 16:49 | Scout Tower |
| 16:50 | Scout Tower |
| 16:51 | Scout Tower |
| 17:08 | Arcane Tower |
| 17:10 | Arcane Tower |
| 17:12 | Scout Tower |
| 17:13 | Scout Tower |
| 17:14 | Guard Tower |
| 17:23 | Guard Tower |
| 17:25 | Guard Tower |
| 17:36 | Divine Shield |
| 17:48 | Guard Tower |
| 18:05 | Scout Tower |
| 18:05 | Scout Tower |
| 18:34 | Guard Tower |
| 18:35 | Scout Tower |
| 18:35 | Scout Tower |
| Right click | 944 |
| Assign group | 457 |
| Select group | 399 |
| Select | 299 |
| Build/train/purchase | 164 |
| Use ability | 61 |
| Misc. action | 14 |
| Resource trade | 5 |
| Item give/drop | 1 |
| Remove unit | 1 |